 Dungeon Crawl Stone Soup version 0.19.5 (webtiles) character file.

67 Rozenbaumfricks the Skirmisher (level 3, -4/29 HPs)
             Began as a Demonspawn Fighter on Apr 19, 2017.
             Killed from afar by Natasha (5 damage)
             ... with a magic dart
             ... on level 2 of the Dungeon.
             The game lasted 00:05:06 (1574 turns).

Rozenbaumfricks the Skirmisher (Demonspawn Fighter) Turns: 1574, Time: 00:05:06

Health: -4/29      AC:  8    Str: 22    XL:     3   Next: 98%
Magic:  3/3        EV:  5    Int:  9    God:
Gold:   94         SH: 14    Dex: 12    Spells: 0 memorised, 2 levels left

rFire  . . .     SeeInvis .     a - +0 long sword
rCold  . . .     Gourm    .     b - +0 scale mail
rNeg   . . .     Faith    .     c - +0 large shield
rPois  .         Spirit   .     (no helmet)
rElec  .         Reflect  .     (no cloak)
rCorr  .         Harm     .     (no gloves)
MR     .....                    (no boots)
Stlth  ..........               (no amulet)
                                (no ring)
                                (no ring)

@: mighty
A: thin metallic scales 1
a: no special abilities


You were on level 2 of the Dungeon.
You were very hungry.

You visited 1 branch of the dungeon, and saw 3 of its levels.

You collected 94 gold pieces.

Inventory:

Hand Weapons
 a - a +0 long sword (weapon)
Missiles
 g - 6 tomahawks (quivered)
Armour
 b - a +0 scale mail (worn)
 c - a +0 large shield (worn)
Scrolls
 i - 2 scrolls of identify {unknown}
 j - a scroll of magic mapping {unknown}
 k - a scroll of random uselessness {unknown}
 l - a scroll of recharging {unknown}
 m - a scroll of immolation {unknown}
 n - a scroll of teleportation {unknown}
Potions
 e - a potion of curing
Comestibles
 f - 2 bread rations
 h - a beef jerky


   Skills:
 + Level 3.3 Fighting
 + Level 2.3 Long Blades
 + Level 3.3 Armour
 + Level 0.3 Dodging
 + Level 3.2 Shields


You had 2 spell levels left.
You didn't know any spells.

Dungeon Overview and Level Annotations

Branches:
Dungeon (3/15)

Altars:
Ru
Vehumet

Annotations:
D:2 Natasha
D:3 Sigmund


Innate Abilities, Weirdness & Mutations

You are partially covered in thin metallic scales. (AC +2)


Message History

* * * LOW HITPOINT WARNING * * *
You slash the shadow imp!
You kill the shadow imp!
Something claws you.
* * * LOW HITPOINT WARNING * * *
You slash something! You block something's attack.
You hear some strange, mumbled words.
You barely miss something.
You hear some strange, mumbled words.
The crimson imp barely misses you.
You riposte.
Your shield prevents you from hitting the crimson imp.
You miss something.
You hear some strange, mumbled words.
Something tries to affect you, but you resist.
You block the crimson imp's attack. You block something's attack.
You miss something. You block the crimson imp's attack.
You hear some strange, mumbled words.
A magic dart appears from out of thin air!
The magic dart hits you!
You die...

.......# #..# #..
#####.## #.## #..
# #.# #.# #.. #
#.### #.# #.< #
#...# #.# #.. #
###.# #.# #.. #
#.# #.# ########..
# #.# #####.#
#>..†..[.. # #.#
#@5...# #.####...#
# #.## #>##### #.#
#.### # #..# #5#
#.# #.# # ##.# #.#
#.# ##.## # #.#
#.# ##.###...## #
#.#
#.######..........
########.#
#..........##...##
.......#.#
########...###....
######.#.########
###########


You could see a crimson imp and a white imp.

Vanquished Creatures
  An adder (D:2)
  A worm (D:2)
  2 dart slugs (D:1)
  3 leopard geckos (D:1)
  A ball python (D:1)
  A giant cockroach (D:2)
  5 hobgoblins
  3 jackals (D:2)
  A kobold (D:2)
  A quokka (D:2)
  10 bats
  A frilled lizard (D:1)
  8 goblins
  8 rats
46 creatures vanquished.

Notes
Turn   | Place    | Note
-------+----------+-------------------------------------------
     0 | D:1      | Rozenbaumfricks the Demonspawn Fighter began the quest for the Orb.
     0 | D:1      | Reached XP level 1. HP: 18/18 MP: 1/1
   165 | D:1      | Gained mutation: You are partially covered in thin metallic scales. (AC +2) [demonic ancestry]
   165 | D:1      | Reached XP level 2. HP: 24/24 MP: 2/2
   664 | D:1      | Reached XP level 3. HP: 29/29 MP: 3/3
   798 | D:2      | Found a radiant altar of Vehumet.
  1264 | D:2      | Found a sacrificial altar of Ru.
  1550 | D:3      | Noticed Natasha
  1551 | D:3      | Noticed Sigmund
  1570 | D:2      | HP: 1/29 [something (6)]
  1574 | D:2      | Killed from afar by Natasha

Skill      XL: |  1  2  3 |
---------------+----------+-----
Armour         | 3 |  3.3
Long Blades    | 2 |  2.3
Shields        | 3 |  3.2
Fighting       | |  3.3
Dodging        | |  0.3

Action                   || total
-------------------------++-------
Melee: Long sword        ||   182
Throw: Tomahawk          ||     1
  Use: Potion            ||     2
  Eat: Beef jerky        ||     1
Armor: Scale mail        ||   138
Dodge: Dodged            ||    46
Block: Shield            ||    20
       Large shield      ||   159
       Rpst.: Long sword ||    14
